 Dungeon Crawl Stone Soup version 0.19.5 (webtiles) character file.

1562 Mesmaeker13 the Cleaver (level 8, -3/74 HPs)
             Began as a Minotaur Gladiator on Apr 10, 2017.
             Was a Follower of Trog.
             Slain by an ogre
             ... wielding a +0 giant spiked club
              (24 damage)
             ... on level 4 of the Dungeon.
             The game lasted 00:12:14 (6081 turns).

Mesmaeker13 the Cleaver (Minotaur Gladiator)        Turns: 6081, Time: 00:12:15

Health: -3/74      AC:  8    Str: 19    XL:     8   Next: 58%
Magic:  7/7        EV: 10    Int:  6    God:    Trog [*.....]
Gold:   300        SH:  0    Dex: 16    Spells: 0 memorised, 7 levels left

rFire  . . .     SeeInvis .     a - +0 war axe
rCold  . . .     Gourm    .     o - +0 chain mail
rNeg   . . .     Faith    .     (no shield)
rPois  +         Spirit   .     c - +0 hat
rElec  .         Reflect  .     (no cloak)
rCorr  .         Harm     .     (no gloves)
MR     .....                    (no boots)
Stlth  ..........               (no amulet)
                                v - +3 ring of dexterity (curse)
                                d - ring of poison resistance

@: slowed, heavily drained, very slow
A: retaliatory headbutt, horns 2
a: Berserk, Burn Spellbooks, Renounce Religion


You were on level 4 of the Dungeon.
You worshipped Trog.
Trog was aware of your devotion.
You were hungry.

You visited 2 branches of the dungeon, and saw 6 of its levels.

You collected 300 gold pieces.

Inventory:

Hand Weapons
 a - a +0 war axe (weapon)
 l - a +0 arbalest
Missiles
 n - 56 bolts
 t - 6 javelins (quivered)
Armour
 c - a +0 hat (worn)
 o - a +0 chain mail (worn)
Jewellery
 d - a ring of poison resistance (left hand)
 h - an uncursed ring of ice
 v - a cursed +3 ring of dexterity (right hand)
Wands
 q - a wand of hasting (5/9)
Scrolls
 e - a scroll of enchant armour {unknown}
 u - 4 scrolls of teleportation
 w - 2 scrolls of amnesia
 x - a scroll of fog {unknown}
 y - a scroll of immolation {unknown}
Potions
 k - a potion of might {unknown}
 m - a potion of lignification
 r - 2 potions of curing
Comestibles
 b - 2 slices of pizza
 f - 3 bread rations
 g - a beef jerky
 i - 4 meat rations
 j - 4 fruits
 s - a royal jelly


   Skills:
 + Level 8.0(6.5) Fighting
 + Level 8.3(6.8) Axes
 - Level 2.0(0.7) Throwing
 + Level 7.5(6.1) Dodging


You had 7 spell levels left.
You didn't know any spells.

Dungeon Overview and Level Annotations

Branches:
Dungeon (5/15)             Temple (1/1) D:4

Altars:
Ashenzari
Cheibriados
Dithmenos
Fedhas
Gozag
Hepliaklqana
Kikubaaqudgha
Nemelex Xobeh
Okawaru
Qazlal
Ru
Sif Muna
Trog
Vehumet
Xom
Yredelemnul
Zin
The Shining One

Annotations:
D:4 Eustachio
D:5 Dowan, Duvessa


Innate Abilities, Weirdness & Mutations

You reflexively headbutt those who attack you in melee.
You have a pair of horns on your head.


Message History

The bat hits you but does no damage. The river rat bites you.
* * * LOW HITPOINT WARNING * * *
The bat hits you but does no damage.
The ogre hits you with a giant spiked club.
* * * LOW HITPOINT WARNING * * *
There is a stone staircase leading up, spattered with blood here.
The river rat barely misses you. Eustachio hits you but does no damage.
The river rat bites you but does no damage.
The ogre closely misses you.
You climb upwards.
The river rat disappears in a puff of smoke!
The bat disappears in a puff of smoke!
There is a stone staircase leading down here.
You barely miss Eustachio.
Eustachio is severely wounded.
You completely miss the ogre.
Eustachio mumbles some strange words.
Eustachio blinks!
The ogre hits you with a giant spiked club!!
You die...

###...##............# #
##...............##
###..........####
##.........# #.........#
##.[[@....# ###.######
♣♣♣♣ #O# ♣..♣♣ #@# ♣♣_.♣
#§# ♣..♣♣ ####.######
♣♣..♣ #.........# ♣♣.♣
#.........# ♣.♣
##.......)# ♣/♣
###........># ♣.♣♣
##...##.....[# ♣♣..♣ #
###..#####.....####♣...###


You could see Eustachio and an ogre.

Vanquished Creatures
  Pikel (D:4)
  Sigmund (D:5)
  Edmund (D:5)
  A slave (D:4)
  An ogre (D:4)
  A big kobold (D:3)
  A howler monkey (D:5)
  2 crimson imps (D:5)
  3 orc priests
  A hound (D:4)
  Jessica (D:3)
  An iguana (D:3)
  Natasha (twice) (D:3)
  3 orc wizards
  3 worker ants
  A hound zombie (D:5)
  A howler monkey skeleton (D:4)
  9 adders
  An ooze (D:4)
  An adder zombie (D:5)
  3 worms
  3 leopard geckos
  7 orcs
  A ball python (D:3)
  4 bats
  3 giant cockroaches
  7 goblins
  16 hobgoblins
  4 jackals
  A quokka (D:2)
  4 frilled lizards
  11 kobolds
  5 rats
105 creatures vanquished.

Vanquished Creatures (others)
  A slave (D:5)
  A centaur (D:5)
  A worker ant (D:5)
3 creatures vanquished.

Grand Total: 108 creatures vanquished

Notes
Turn   | Place    | Note
-------+----------+-------------------------------------------
     0 | D:1      | Mesmaeker13 the Minotaur Gladiator began the quest for the Orb.
     0 | D:1      | Reached XP level 1. HP: 18/18 MP: 0/0
   497 | D:1      | Reached XP level 2. HP: 25/25 MP: 1/1
  1189 | D:2      | Reached XP level 3. HP: 29/31 MP: 2/2
  1227 | D:2      | Found a glowing silver altar of Zin.
  1682 | D:2      | Found a glowing golden altar of the Shining One.
  1684 | D:2      | Found a shimmering altar of Xom.
  1931 | D:2      | Found an ancient bone altar of Kikubaaqudgha.
  1943 | D:2      | Reached XP level 4. HP: 28/38 MP: 3/3
  2005 | D:3      | Noticed Natasha
  2015 | D:3      | Killed Natasha
  2025 | D:3      | Found a snail-covered altar of Cheibriados.
  2032 | D:3      | Noticed Jessica
  2054 | D:3      | Killed Jessica
  2205 | D:3      | Reached skill level 5 in Axes
  2208 | D:3      | Reached XP level 5. HP: 43/46 MP: 4/4
  2861 | D:3      | Noticed Natasha
  2878 | D:3      | Killed Natasha
  2882 | D:3      | Reached skill level 5 in Dodging
  2882 | D:3      | Reached XP level 6. HP: 34/53 MP: 5/5
  3087 | D:3      | Reached skill level 5 in Fighting
  3282 | D:4      | Found a staircase to the Ecumenical Temple.
  3287 | Temple   | Entered the Ecumenical Temple
  3312 | Temple   | Became a worshipper of Trog the Wrathful
  3543 | D:4      | Found a blossoming altar of Fedhas.
  3857 | D:4      | Reached XP level 7. HP: 61/61 MP: 6/6
  4231 | D:5      | Entered Level 5 of the Dungeon
  4231 | D:5      | Noticed Eustachio
  4231 | D:5      | Noticed Sigmund
  4231 | D:5      | Noticed Edmund
  4600 | D:5      | Noticed Pikel
  4762 | D:5      | Found a shadowy altar of Dithmenos.
  4871 | D:4      | Killed Pikel
  4871 | D:4      | Reached XP level 8. HP: 40/73 MP: 7/7
  5100 | D:5      | Killed Sigmund
  5100 | D:5      | Reached * piety under Trog
  5532 | D:5      | Killed Edmund
  5754 | D:5      | Noticed Dowan
  5754 | D:5      | Noticed Duvessa
  6081 | D:4      | Slain by an ogre

Skill      XL: |  1  2  3  4  5  6  7  8 |
---------------+-------------------------+-----
Fighting       | 3 4 5 7 8 |  8.0
Axes           | 4 5 6 7 8 |  8.3
Dodging        | 4 5 6 7 |  7.5
Throwing       | |  2.0

Action                   |  1- 3 |  4- 6 |  7- 9 || total
-------------------------+-------+-------+-------++-------
Melee: War axe           |    52 |   124 |   121 ||   297
       Headbutt          |    10 |    16 |    22 ||    48
Throw: Throwing net      |       |     8 |       ||     8
       Javelin           |       |       |    17 ||    17
  Use: Potion            |       |     3 |     2 ||     5
       Scroll            |       |     2 |     2 ||     4
 Stab: Held in net/web   |       |     3 |       ||     3
  Eat: Chunk             |     3 |     6 |     7 ||    16
Armor: Leather armour    |    10 |       |       ||    10
       Chain mail        |    12 |    68 |    60 ||   140
       Skin              |       |     8 |    21 ||    29
Dodge: Dodged            |    22 |    53 |    70 ||   145
